 Dungeon Crawl Stone Soup version 0.31.0-12-g77e489cdc1 (webtiles) character file.

Game seed: 10637267932021749285

1607 Metae the Covered (level 8, -1/71 HPs)
             Began as a Minotaur Fighter on Feb 14, 2024.
             Killed from afar by an electric eel (6 damage)
             ... with a bolt of electricity
             ... on level 7 of the Dungeon.
             The game lasted 00:15:48 (5085 turns).

Metae the Covered (Minotaur Fighter)                Turns: 5085, Time: 00:15:48

Health: -1/71      AC: 14    Str: 23    XL:     8   Next: 63%
Magic:  7/7        EV: 10    Int:  5    God:
Gold:   358        SH:  5    Dex: 10    Spells: 7/7 levels left

rFire   + + .        a - +1 whip (drain)
rCold   + . .        c - +0 buckler
rNeg    . . .        w - +1 chain mail {Will+}
rPois   .            (helmet restricted)
rElec   .            j - +0 cloak
rCorr   .            (no gloves)
SInv    +            A - +0 pair of boots
Will    +....        (no amulet) Stlth
                     l - ring "Rajum" {rF++ SInv}
HPRegen 0.31/turn    H - ring of protection from cold
MPRegen 0.10/turn

%: no passive effects
@: no status effects
A: horns 2, retaliatory headbutt
a: no special abilities


You were on level 7 of the Dungeon.
You visited 2 branches of the dungeon, and saw 8 of its levels.

You collected 358 gold pieces.

Inventory:

Hand Weapons
 a - a +1 whip of draining (weapon)
 k - a +0 sling
 t - a +2 short sword of venom
 K - a +2 dagger of draining
Missiles
 s - 2 boomerangs (quivered)
 u - 5 poisoned darts
 v - 3 javelins
Armour
 b - a +0 plate armour
 c - a +0 buckler (worn)
 j - a +0 cloak (worn)
 w - a +1 chain mail of willpower (worn)
 A - a +0 pair of boots (worn)
Jewellery
 l - the ring "Rajum" (left hand) {rF++ SInv}
   (You found it on level 2 of the Dungeon)

   [ring of see invisible]

   rF++:      It greatly protects you from fire.
   SInv:      It lets you see invisible.
 H - a ring of protection from cold (right hand)
Talismans
 o - a talisman of death
Wands
 y - a wand of paralysis (7)
Scrolls
 f - a scroll of torment
 g - 2 scrolls of fog
 h - 3 scrolls of teleportation
 m - 3 scrolls of fear
 n - 3 scrolls of vulnerability
 r - a scroll of butterflies
 x - a scroll of noise
 B - a scroll of blinking
 I - a scroll of amnesia {unknown}
Potions
 d - 2 potions of might
 p - 3 potions of heal wounds {unknown}
 q - a potion of berserk rage {unknown}
 z - 2 potions of curing {unknown}
 D - a potion of enlightenment {unknown}
 E - a potion of resistance {unknown}
 F - a potion of haste {unknown}
 G - a potion of mutation {unknown}
 J - a potion of lignification {unknown}


   Skills:
 + Level 6.9 Fighting
 - Level 3.8 Short Blades
 + Level 2.5 Maces & Flails
 - Level 3.2 Polearms
 + Level 6.9 Armour
 + Level 5.2 Dodging
 + Level 6.8 Shields


You had 7 spell levels left.
You didn't know any spells.
Your spell library contained the following spells:

 Spells                   Type           Power      Damage    Failure   Level
 Freeze                   Ice            0%         1d3       97%         1
 Frozen Ramparts          Ice            0%         1d1       100%        3
 Hailstorm                Conj/Ice       0%         3d5       100%        3


Dungeon Overview and Level Annotations

Branches:
Dungeon (7/15)             Temple (1/1) D:5

Altars:
Ashenzari
Cheibriados
Dithmenos
Elyvilon
Gozag
Kikubaaqudgha
Makhleb
Okawaru
Ru
Sif Muna
Trog
Vehumet
Wu Jian
Xom
Yredelemnul

Shops:
D:5 *

Annotations:
D:3 1 transporter, 7tar4e's ghost, amateur SpHu


Innate Abilities, Weirdness & Mutations

You have a pair of horns on your head.
You reflexively headbutt those who attack you in melee.


Message History

Found a white marble altar of Elyvilon.
The electric eel shoots out a bolt of lightning at you!
The bolt of electricity hits you.
The bolt of electricity hits the plant!
The plant begins to die.
The phantom barely misses you.
You hit the phantom. Your headbutt misses the phantom.
The phantom is severely damaged.
The phantom closely misses you.
You closely miss the phantom. You headbutt the phantom.
You destroy the phantom!
A nearby plant withers and dies.
The electric eel shoots out a bolt of lightning at you!
The bolt of electricity hits you!
The bolt of electricity hits the plant!
You closely miss the electric eel. Your headbutt misses the electric eel.
The electric eel shoots out a bolt of lightning at you!
The bolt of electricity misses you.
The bolt of electricity hits the plant.
You hit the electric eel.
The electric eel is lightly wounded.
You hit the electric eel. You drain the electric eel.
The electric eel is severely wounded.
A nearby plant withers and dies.
The electric eel shoots out a bolt of lightning at you!
The bolt of electricity hits you but does no damage.
An electric eel comes into view.
You barely miss the electric eel.
The electric eel is severely wounded.
The electric eel shoots out a bolt of lightning at you!
The bolt of electricity hits you!
* * * LOW HITPOINT WARNING * * *
You barely miss the electric eel. You headbutt the electric eel.
You kill the electric eel!
You hear a splash.
The electric eel shoots out a bolt of lightning at you!
The bolt of electricity hits you!
* * * LOW HITPOINT WARNING * * *
The electric eel shoots out a bolt of lightning at you!
The bolt of electricity hits you.
* * * LOW HITPOINT WARNING * * *
The electric eel shoots out a bolt of lightning at you!
The bolt of electricity hits you.
You die...

#≈⌠._.⌠~* #≈S...~~*
******* *#≈≈.≈~**
,,,,,,* *#≈.≈#####
,*,,*,*####≈.≈#...#
**+,,,,...P≈.≈..#.#
*,**,,*#.P.≈.≈....#
,∩,**,*#..#≈.≈#..##
*,**,,*#.PP≈.≈.P@#
***,,**#...≈.≈.P.#
,*,,,,,...#≈.≈#..#
,,,,,,,...P≈.≈...#
,,,,,,,.,P$≈.≈P..#
,,,,,,,,..#≈.≈#P.#
,,,****,,P.≈.≈...#
,,,******###.....#
,..*,*##* ###)$##


You could see an electric eel.

Vanquished Creatures
  2 ice beasts (D:6)
  2 black bears
  An ogre (D:4)
  2 phantoms
  A bullfrog (D:7)
  2 scorpions
  A gnoll sergeant (D:6)
  3 bombardier beetles
  2 howler monkeys (D:5)
  An electric eel (D:7)
  3 hounds
  2 orc priests
  A sleepcap (D:6)
  2 iguanas
  3 orc wizards
  Robin (D:2)
  7 gnolls
  5 adders
  3 white imps
  6 dart slugs
  A ribbon worm (D:2)
  21 orcs
  5 bats
  7 endoplasms
  2 giant cockroaches (D:2)
  9 goblins
  8 hobgoblins
  2 jackals (D:1)
  4 kobolds
  2 quokkas
  2 ball pythons
  2 frilled lizards (D:1)
  3 rats
118 creatures vanquished.

Vanquished Creatures (others)
  A goblin (D:2)
1 creature vanquished.

Grand Total: 119 creatures vanquished

Notes
Turn   | Place    | Note
-------+----------+-------------------------------------------
     0 | D:1      | Metae the Minotaur Fighter began the quest for the Orb.
     0 | D:1      | Reached XP level 1. HP: 19/19 MP: 0/0
   187 | D:1      | Reached XP level 2. HP: 26/27 MP: 1/1
   369 | D:1      | Found a faded altar of an unknown god.
   733 | D:1      | Reached skill level 1 in Dodging
   814 | D:2      | Noticed Robin
   833 | D:2      | Reached XP level 3. HP: 23/33 MP: 2/2
   857 | D:2      | Killed Robin
  1036 | D:2      | Identified the ring "Rajum" {rF++ SInv}
  1122 | D:2      | Reached XP level 4. HP: 40/40 MP: 3/3
  1126 | D:2      | Found a white marble altar of Elyvilon.
  1804 | D:3      | Found a broken altar of Ashenzari.
  1920 | D:3      | Noticed 7tar4e's ghost (amateur SpHu)
  1924 | D:3      | Found a transporter.
  2028 | D:3      | You fall into a shaft and drop 3 floors!
  2039 | D:5      | Entered Level 5 of the Dungeon
  2040 | D:5      | Found a staircase to the Ecumenical Temple.
  2056 | Temple   | Entered the Ecumenical Temple
  2106 | D:5      | Reached skill level 1 in Short Blades
  2106 | D:5      | Reached XP level 5. HP: 33/47 MP: 4/4
  2418 | D:4      | Noticed an ogre
  2420 | D:4      | Reached XP level 6. HP: 55/55 MP: 5/5
  2428 | D:4      | Reached skill level 5 in Fighting
  2428 | D:4      | Reached skill level 5 in Armour
  2428 | D:4      | Reached skill level 5 in Shields
  2486 | D:4      | Found an ancient bone altar of Kikubaaqudgha.
  2530 | D:4      | Found a shimmering altar of Xom.
  2665 | D:4      | Found a runed translucent door.
  2665 | D:4      | Noticed a human
  2668 | D:4      | Found a basalt altar of Yredelemnul.
  3286 | D:5      | Reached XP level 7. HP: 60/61 MP: 6/6
  3293 | D:5      | Found Ising's Fire Supplies.
  4024 | D:6      | Reached XP level 8. HP: 24/70 MP: 7/7
  4398 | D:6      | Found a shimmering blue altar of Sif Muna.
  4498 | D:6      | Reached skill level 1 in Maces & Flails
  5006 | D:7      | Found a radiant altar of Vehumet.
  5007 | D:7      | Found a snail-covered altar of Cheibriados.
  5066 | D:7      | Reached skill level 5 in Dodging
  5075 | D:7      | Found a white marble altar of Elyvilon.
  5085 | D:7      | Killed from afar by an electric eel

Illustrated notes

Levels and vault maps discovered:
D:1:      dpeg_cavernosity, layout_basic, ebering_ecumenical_altar_hall,
          minmay_misc_feat_ornament
D:2:      layout_loops_corners, basic_altar, minmay_misc_feat_four_crosses,
          uniq_robin
D:3:      layout_loops_ring, general_overflow_altar, amcnicky_altar_gilded,
          gammafunk_ghost_arena
D:4:      layout_basic, dk_yredelemnul_ordeal,
          mainiacjoe_overflow_six_doors_small, mainiacjoe_overflow_tiny_flanked,
          minmay_fractal_squares_gapless_5
D:5:      layout_cave_pools, minmay_temple_entry_mini_moons,
          hangedman_abyss_or_decor_passed, kennysheep_diamond,
          nicolae_shop_fire_sale [nicolae_sub_dead_trees],
          grunt_decor_mini_mirrors
D:6:      layout_loops_ring, mainiacjoe_overflow_boulevard, water_maze_lemuel
D:7:      nicolae_BIG_FREAKIN_CUBE, layout_cave_pools,
          nicolae_elyvilon_temple_path, mainiacjoe_overflow_swirl,
          vehumet_statue, enter_ossuary_5
Temple:   nicolae_temple_little_seven

Skill      XL: |  1  2  3  4  5  6  7  8 |
---------------+-------------------------+-----
Dodging        | 1 2 3 4 5 |  5.2
Armour         | 4 5 6 |  6.9
Fighting       | 4 5 6 |  6.9
Shields        | 4 5 6 |  6.8
Polearms       | 3 |  3.2
Short Blades   | 1 2 3 |  3.8
Maces & Flails | 2 |  2.5

Action                     |  1- 3 |  4- 6 |  7- 9 || total
---------------------------+-------+-------+-------++-------
  Melee: Trident           |    81 |    43 |       ||   124
         Headbutt          |    10 |    34 |    33 ||    77
         Short sword       |       |   104 |    91 ||   195
         Whip              |       |       |    67 ||    67
    Use: Scroll            |       |       |    10 ||    10
 Armour: Scale mail        |    64 |    47 |       ||   111
         Chain mail        |       |    46 |   128 ||   174
  Dodge: Dodged            |    49 |    53 |    83 ||   185
  Block: Buckler           |    16 |    25 |    39 ||    80
